 Dungeon Crawl Stone Soup version 0.30.1 (webtiles) character file.

Game seed: 1901330012223421249

90 monsoonserge the Sneak (level 4, -4/34 HPs)
             Began as a Vampire Brigand on July 6, 2023.
             Killed by divine providence
             ... invoked by an orc priest
              (16 damage)
             ... on level 2 of the Dungeon.
             The game lasted 00:03:15 (1032 turns).

monsoonserge the Sneak (Vampire Brigand)            Turns: 1032, Time: 00:03:16

Health: -4/34      AC:  6    Str: 10    XL:     4   Next: 32%
Magic:  4/4        EV:  9    Int: 13    God:
Gold:   39         SH:  5    Dex: 17    Spells: 3/3 levels left

rFire   . . .        a - +2 dagger
rCold   . . .        n - +1 buckler {rPois}
rNeg    + . .        j - +0 ring mail
rPois   +            (no helmet)
rElec   .            c - +0 cloak
rCorr   .            (no gloves)
SInv    +            (no boots)
Will    .....        (no amulet)
Stlth   +++          r - ring of positive energy
HPRegen 0.45/turn    (no ring)
MPRegen 0.09/turn

%: no passive effects
@: healing quickly
A: alive, fangs 3, see invisible, vampiric 2
a: Exsanguinate


You were on level 2 of the Dungeon.
You visited 1 branch of the dungeon, and saw 2 of its levels.

You collected 39 gold pieces.

Inventory:

Hand Weapons
 a - a +2 dagger (weapon)
Missiles
 d - 9 poisoned darts (quivered)
 e - 3 curare-tipped darts
Armour
 b - a +0 robe
 c - a +0 cloak (worn)
 j - a +0 ring mail (worn)
 l - a +0 scale mail
 n - a +1 buckler of poison resistance (worn)
 o - a +0 leather armour
Jewellery
 r - a ring of positive energy (left hand)
Scrolls
 f - a scroll of amnesia {unknown}
 h - a scroll of teleportation {unknown}
 i - a scroll of magic mapping {unknown}
 k - a scroll of noise {unknown}
 p - 3 scrolls of identify {unknown}
Potions
 g - a potion of curing {unknown}
 m - a potion of mutation {unknown}
 q - a potion of degeneration {unknown}
 s - a potion of attraction {unknown}


   Skills:
 + Level 2.3 Fighting
 + Level 3.0 Short Blades
 + Level 1.6 Throwing
 + Level 0.7 Armour
 + Level 1.2 Dodging
 + Level 7.3 Stealth
 + Level 0.1 Shields


You had 3 spell levels left.
You didn't know any spells.
Your spell library was empty.

Dungeon Overview and Level Annotations

Branches:
Dungeon (2/15)

Altars:


Innate Abilities, Weirdness & Mutations

Your natural rate of healing is accelerated.
You have razor-sharp teeth.
You have supernaturally acute eyesight. (SInv)
You are afflicted with vampirism and can become a bat while bloodless.


Message History

Okay, then.
You aren't carrying any items that you can evoke.
You barely miss the orc wizard.
The orc wizard is heavily wounded.
You hit the orc wizard.
The orc wizard is severely wounded.
You block the orc wizard's attack.
You hit the orc wizard. You bite the orc wizard.
You kill the orc wizard!
Your Short Blades skill increases to level 3!
You have reached level 4!
You hit the orc but do no damage. The orc hits you but does no damage.
You closely miss the orc. You bite the orc, but do no damage.
The orc barely misses you.
You hit the orc. You bite the orc.
The orc is almost dead.
The orc hits you but does no damage.
You hit the orc.
You kill the orc!
You hit the orc.
The orc is severely wounded.
The orc priest casts a cantrip, but nothing happens.
The orc hits you but does no damage.
You barely miss the orc. You bite the orc, but do no damage.
The orc is severely wounded.
The orc closely misses you.
You hit the orc.
You kill the orc!
You hit the orc priest but do no damage.
A kobold comes into view. It is wielding a +0 short sword.
The orc priest hits you with a +0 hand axe.
The kobold shouts!
You hit the orc priest.
The orc priest is lightly wounded.
The orc priest hits you but does no damage.
You closely miss the orc priest. You bite the orc priest.
The orc priest is heavily wounded.
The orc priest calls down the wrath of Beogh upon you.
Beogh smites you!
You die...

#..# .# ####..#.#
#######..# ..
......#.#
........[# .#
#..... ######.## .#
####.# #.# .# #.#
######.#########.#
#.#
..................#
#.#
#..#########.#.####
#.# #......o.#@#
#.# ..#...#..#o#
#.# .......o.oo#
..# # ..........##
. ..........# #
..#...#.K## #
##.........
###..#########.#.
....... ..##


You could see an orc priest, 2 orcs and a kobold.

Vanquished Creatures
  An orc wizard (D:2)
  2 adders (D:2)
  A worm (D:2)
  2 dart slugs (D:2)
  3 orcs (D:2)
  2 ball pythons
  An endoplasm (D:2)
  4 giant cockroaches (D:1)
  2 hobgoblins (D:1)
  6 jackals (D:1)
  3 kobolds
  2 quokkas (D:2)
  3 bats (D:1)
  2 goblins (D:2)
34 creatures vanquished.

Notes
Turn   | Place    | Note
-------+----------+-------------------------------------------
     0 | D:1      | monsoonserge the Vampire Brigand began the quest for the
                  | Orb.
     0 | D:1      | Reached XP level 1. HP: 16/16 MP: 1/1
    55 | D:1      | Reached skill level 6 in Stealth
   103 | D:1      | Reached XP level 2. HP: 20/22 MP: 2/2
   702 | D:2      | Gained mutation: You are afflicted with vampirism and can
                  | become a bat while bloodless. [Vampire growth]
   702 | D:2      | Reached XP level 3. HP: 25/27 MP: 3/3
   893 | D:2      | Reached skill level 7 in Stealth
  1023 | D:2      | Reached XP level 4. HP: 9/33 MP: 4/4
  1032 | D:2      | Killed from afar by an orc priest

Illustrated notes

Levels and vault maps discovered:
D:1:      minmay_arrival_five_plusses, layout_basic, minmay_worlds_worst_comb
D:2:      cheibrodos_pilgrimage, layout_loops_ring

Skill      XL: |  1  2  3 |
---------------+----------+-----
Stealth        | 6 7 |  7.3
Fighting       | 2 |  2.3
Short Blades   | 3 |  3.0
Throwing       | |  1.6
Armour         | |  0.7
Dodging        | |  1.2
Shields        | |  0.1

Action                     |  1- 3 |  4- 6 || total
---------------------------+-------+-------++-------
  Melee: Dagger            |    92 |    10 ||   102
         Bite              |     7 |     4 ||    11
   Stab: Sleeping          |    13 |       ||    13
         Distracted        |     1 |       ||     1
 Armour: Robe              |     6 |       ||     6
         Ring mail         |    19 |     4 ||    23
  Dodge: Dodged            |    34 |     2 ||    36
  Block: Buckler           |     6 |       ||     6
